 Dungeon Crawl Stone Soup version 0.27-a0-75-g9f9dfd16e9 (webtiles) character file.

Game seed: 7983775448598456930

28 Morgoth the Sneak (level 3, -2/29 HPs)
             Began as a Formicid Delver on Jan 12, 2021.
             Slain by an ogre
             ... wielding a +0 giant spiked club
              (31 damage)
             ... on level 4 of the Dungeon.
             The game lasted 00:02:38 (630 turns).

Morgoth the Sneak (Formicid Delver)                  Turns: 630, Time: 00:02:38

Health: -2/29      AC:  4    Str: 17    XL:     3   Next: 27%
Magic:  3/3        EV: 12    Int:  9    God:
Gold:   8          SH:  0    Dex: 12    Spells: 2/2 levels left

rFire    . . .     SeeInvis +   a - +0 falchion
rCold    . . .     Faith    .   (no shield)
rNeg     . . .     Spirit   .   b - +0 leather armour
rPois    .         Reflect  .   (helmet unavailable)
rElec    .         Harm     .   (no cloak)
rCorr    .         Rampage  .   h - +0 pair of gloves
Will     .....                  (no boots)
Stlth    +++.......             (no amulet)
HPRegen  0.09/turn              (no ring)
MPRegen  0.08/turn              (no ring)

@: no status effects
A: permanent stasis, dig shafts and tunnels, four strong arms, antennae 3
a: Dig, Shaft Self


You were on level 4 of the Dungeon.
You visited 1 branch of the dungeon, and saw 3 of its levels.

You collected 8 gold pieces.

Inventory:

Hand Weapons
 a - a +0 falchion (weapon)
Armour
 b - a +0 leather armour (worn)
 h - a +0 pair of gloves (worn)
Wands
 f - a wand of digging (3)
Scrolls
 c - a scroll of fog
 d - a scroll of magic mapping
 e - a scroll of fear
Potions
 g - a potion of curing {unknown}


   Skills:
 - Level 3.5 Fighting
 + Level 2.8 Long Blades
 - Level 2.1 Dodging
 - Level 6.2 Stealth


You had 2 spell levels left.
You didn't know any spells.
Your spell library was empty.

Dungeon Overview and Level Annotations

Branches:
Dungeon (6/15)
 Temple: D:4-7

Altars:
Vehumet
Wu Jian

Annotations:
D:4 exclusion: jelly


Innate Abilities, Weirdness & Mutations

You cannot be hasted, slowed, berserked, paralysed or teleported.
You can dig through walls and to a lower floor.
Your four strong arms can wield two-handed weapons with a shield.
You have a pair of large antennae on your head. (SInv)


Message History

The adder is heavily wounded.
You miss the adder.
The adder is heavily wounded.
The adder completely misses you.
You riposte.
You hit the adder.
You kill the adder!
You have reached level 3!
Your experience leads to an increase in your attributes!
Increase (S)trength, (I)ntelligence, or (D)exterity?
You feel stronger.
You start resting.
HP restored.
Found a stone staircase leading up.
Found a puce potion.
Found 25 bolts.
The helpless ogre fails to defend itself.
You slash the ogre!
The ogre is moderately wounded.
The ogre hits you with a +0 giant spiked club!!
Ouch! That really hurt!
You die...

##.....................
#......................
##....................
##....##...........#.#
#.....##...#......##.#
...........##........#
...........###.......#
†..........####......#
............##..@<...#
.........#..#....O...#
($.......#..............
.........##.............
........#####...........
.....#.....##..[....##..
...(.#..#..##.......# #.
##.....##.......#(.##
#............###


You could see an ogre.

Vanquished Creatures
  A hound skeleton (D:4)
  An adder (D:4)
  A worm (D:4)
  A leopard gecko skeleton (D:4)
  A quokka skeleton (D:4)
5 creatures vanquished.

Notes
Turn   | Place    | Note
-------+----------+-------------------------------------------
     0 | D:5      | Morgoth the Formicid Delver began the quest for the Orb.
     0 | D:5      | Reached XP level 1. HP: 18/18 MP: 1/1
     4 | D:4      | Found an ornate altar of the Wu Jian Council.
     4 | D:4      | Found a radiant altar of Vehumet.
    19 | D:6      | Noticed a bullfrog
   184 | D:4      | Noticed an ogre
   349 | D:4      | Reached XP level 2. HP: 21/24 MP: 2/2
   467 | D:4      | Reached XP level 3. HP: 16/29 MP: 3/3
   630 | D:4      | Slain by an ogre

Illustrated notes

Levels and vault maps discovered:
D:4:      layout_cave_pools, nicolae_overflow_hidden_temple, minivault_23,
          uniq_grinder
D:5:      layout_loops_ring, kennysheep_little_box, fedhas_altar_1,
          minmay_temple_entry_glassed_door, nicolae_ossuary_entry_giza,
          gammafunk_ghost_hive
D:6:      layout_basic, lemuel_blue_sif_altar,
          nicolae_ru_great_annihilating_truth

Skill      XL: |  1 |
---------------+----+-----
Dodging        | 2 |  2.1
Fighting       | |  3.5
Long Blades    | |  2.8
Stealth        | |  6.2

Action                   || total
-------------------------++-------
Melee: Falchion          ||    29
 Stab: Sleeping          ||     2
Armor: Leather armour    ||     8
Dodge: Dodged            ||    15
       Rpst.: Falchion   ||     3

Table legend: (Time is in decaauts)
 A = Elapsed time spent in this place.
 B = Non-inter-level travel time spent in this place.
 C = Inter-level travel time spent in this place.
 D = Time resting spent in this place.
 E = Time spent auto-exploring this place.
 F = Levels seen in this place.
 G = Mean time per level.
                   A        B        C        D        E       F      G
               +--------+--------+--------+--------+--------+-----+--------+
         Total |    637 |    637 |      0 |    368 |      0 |   3 |  212.3 |
       Dungeon |    637 |    637 |      0 |    368 |      0 |   3 |  212.3 |
               +--------+--------+--------+--------+--------+-----+--------+

Top non-repeatable levels by time:
     D:4: 555 daAuts
     D:5: 80 daAuts
     D:6: 1 daAuts
